 Dungeon Crawl Stone Soup version 0.20.1-1-g8b1a95d (webtiles) character file.

1031 bosm the Quickloader (level 8, -1/75 HPs)
             Began as a Kobold Hunter on Aug 9, 2017.
             Was a Follower of Okawaru.
             Slain by an orc warrior
             ... wielding a +0 short sword
              (9 damage)
             ... on level 6 of the Dungeon.
             The game lasted 00:14:39 (4665 turns).

bosm the Quickloader (Kobold Hunter)                Turns: 4665, Time: 00:14:40

Health: -1/75      AC: 24    Str:  9    XL:     8   Next: 47%
Magic:  8/8        EV:  3    Int: 13    God:    Okawaru [*.....]
Gold:   342        SH:  0    Dex: 22    Spells: 7/7 levels left

rFire    . . .     SeeInvis .   w - +0 arbalest
rCold    . . .     Gourm    .   (shield currently unavailable)
rNeg     + + +     Faith    .   (armour currently unavailable)
rPois    +         Spirit   .   (helmet currently unavailable)
rElec    .         Reflect  .   (cloak currently unavailable)
rCorr    .         Harm     .   (gloves currently unavailable)
MR       .....     NoTele   +   (boots currently unavailable)
Stlth    +++.......             (no amulet)
Regen    0.3/turn               (no ring)
MPRegen  0.2/turn               (no ring)

@: agile, tree-form, very slightly contaminated, drained, invisible
A: carnivore 3
a: Heroism, Renounce Religion


You were on level 6 of the Dungeon.
You worshipped Okawaru.
Okawaru was aware of your devotion.
You were full.
You were a tree.
You visited 2 branches of the dungeon, and saw 7 of its levels.

You collected 342 gold pieces.

Inventory:

Hand Weapons
 a - the +8 hand axe of the Nexus {protect, rC+}
   (You found it on level 4 of the Dungeon)

   It protects the one who uses it against injury (+AC on strike).
   It protects you from cold.
 t - a +0 quarterstaff
 w - a +0 arbalest (weapon)
Missiles
 d - 9 bolts (quivered)
Armour
 c - a +0 leather armour (melded)
 o - a +0 cloak (melded)
Wands
 n - a wand of iceblast (10/15)
 r - a wand of lightning (5/15)
 B - a wand of lightning (3/15)
Scrolls
 b - 5 scrolls of remove curse {unknown}
 e - 2 scrolls of fog {unknown}
 g - 3 scrolls of teleportation {unknown}
 h - a scroll of recharging {unknown}
 k - 5 scrolls of identify {unknown}
 l - a scroll of amnesia {unknown}
 p - a scroll of enchant armour {unknown}
 z - 2 scrolls of fear {unknown}
 A - a scroll of random uselessness {unknown}
Potions
 i - a potion of flight
 j - a potion of curing
 m - a potion of agility
 q - a potion of cancellation {unknown}
 s - a potion of invisibility
 u - a potion of lignification
 x - a potion of mutation {unknown}
Books
 v - a book of Changes

   Spells                             Type                      Level
   a - Beastly Appendage              Transmutation                1
   b - Sticks to Snakes               Transmutation                2
   c - Spider Form                    Transmutation/Poison         3
   d - Ice Form                       Ice/Transmutation            4
   e - Blade Hands                    Transmutation                5
 y - a book of Battle

   Spells                             Type                      Level
   a - Infusion                       Charms                       1
   b - Shroud of Golubria             Charms/Translocation         2
   c - Song of Slaying                Charms                       2
   d - Spectral Weapon                Hexes/Charms                 3
   e - Regeneration                   Charms/Necromancy            3
Comestibles
 f - 2 meat rations


   Skills:
 + Level 5.6 Fighting
 * Level 9.1 Crossbows
 + Level 6.1(6.0) Dodging
 - Level 1.3 Stealth


You had 7 spell levels left.
You didn't know any spells.

Dungeon Overview and Level Annotations

Branches:
Dungeon (6/15)             Temple (1/1) D:5

Altars:
Ashenzari
Cheibriados
Dithmenos
Elyvilon
Fedhas
Gozag
Hepliaklqana
Makhleb
Nemelex Xobeh
Okawaru
Qazlal
Ru
Sif Muna
Trog
Vehumet
Xom
Yredelemnul
Zin
The Shining One

Shops:
D:5 !


Innate Abilities, Weirdness & Mutations

You are small and have problems with some larger weapons.
You are carnivorous and can eat meat at any time.


Message History

You hit the orc warrior.
Your weapon exudes an aura of protection.
The orc warrior is heavily wounded.
You hit the orc warrior.
The orc warrior is severely wounded.
Wield which item (- for none, * to show all)? (? for menu, Esc to quit)
The +8 hand axe of the Nexus {protect, rC+} goes still.
w - a +0 arbalest (weapon)
Firing (i - inventory):
d - 11 bolts (quivered)
Press: ? - help, Shift-Dir - straight line, f/p - orc warrior
Aim: an orc warrior, wielding a short sword and wearing a chain mail (severely wounded, hasn't noticed you)
You shoot a bolt. The bolt hits the orc warrior.
The orc warrior is almost dead.
Firing (i - inventory):
d - 10 bolts (quivered)
Press: ? - help, Shift-Dir - straight line, f/p - orc warrior
Aim: an orc warrior, wielding a short sword and wearing a chain mail (almost dead, hasn't noticed you)
You shoot a bolt.
The bolt closely misses the orc warrior.
The orc warrior hits you with a short sword!
You die...

#.....<...#
..........#
..........#
..###.##### ###### .
##.## #....# ###
#.).### #....# ...(
#.#...####....# (....
#.###.........#......
.. ######...♣o.)....
... #....#...... .#.
#....# ..... ....
#.....# .... ..(....#
... ........# ##
...(#.#... .(........


You could see an orc warrior.

Vanquished Creatures
  Edmund (D:6)
  An ice beast (D:6)
  An ogre (D:5)
  A phantom (D:4)
  A centaur (D:6)
  A scorpion (D:6)
  A jelly (D:5)
  2 orc wizards
  A hound (D:5)
  A bullfrog zombie (D:6)
  3 orc priests
  4 worker ants (D:4)
  A hound skeleton (D:5)
  10 adders
  A shadow imp (D:5)
  2 worms
  3 dart slugs
  5 leopard geckos
  7 orcs
  3 giant cockroaches
  10 goblins
  8 hobgoblins
  4 jackals (D:3)
  3 quokkas
  2 bats
  4 frilled lizards
  7 kobolds
  A leopard gecko skeleton (D:4)
  4 rats
93 creatures vanquished.

Notes
Turn   | Place    | Note
-------+----------+-------------------------------------------
     0 | D:1      | bosm the Kobold Hunter began the quest for the Orb.
     0 | D:1      | Reached XP level 1. HP: 12/12 MP: 1/1
   149 | D:1      | Reached skill level 5 in Crossbows
   160 | D:1      | Reached XP level 2. HP: 17/18 MP: 2/2
   752 | D:2      | Reached XP level 3. HP: 22/22 MP: 3/3
   769 | D:2      | Found a shattered altar of Ashenzari.
  1345 | D:2      | Reached XP level 4. HP: 28/28 MP: 4/4
  2119 | D:3      | Reached XP level 5. HP: 30/32 MP: 5/5
  2162 | D:3      | Reached skill level 6 in Crossbows
  2455 | D:4      | Found a stormy altar of Qazlal.
  2544 | D:4      | Got a translucent hand axe
  2552 | D:4      | Identified the +8 hand axe of the Nexus {protect, rC+} (You found it on level 4 of the Dungeon)
  2699 | D:4      | Reached XP level 6. HP: 38/38 MP: 6/6
  2875 | D:4      | Noticed a phantom
  2890 | D:4      | Killed a phantom
  2890 | D:4      | Reached skill level 7 in Crossbows
  3027 | D:5      | Entered Level 5 of the Dungeon
  3035 | D:5      | Found a staircase to the Ecumenical Temple.
  3045 | Temple   | Entered the Ecumenical Temple
  3089 | Temple   | Became a worshipper of Warmaster Okawaru
  3207 | D:5      | Noticed an ogre
  3211 | D:5      | Killed an ogre
  3211 | D:5      | Reached XP level 7. HP: 44/44 MP: 7/7
  3539 | D:5      | Found a shimmering altar of Xom.
  3670 | D:5      | Found Inustu Lile's Distillery.
  3695 | D:5      | Found a blossoming altar of Fedhas.
  3856 | D:6      | Noticed Edmund
  3861 | D:6      | Reached * piety under Okawaru
  3861 | D:6      | Reached skill level 8 in Crossbows
  3861 | D:6      | Reached skill level 5 in Dodging
  3863 | D:6      | Reached skill level 5 in Fighting
  4146 | D:5      | Reached XP level 8. HP: 16/49 MP: 5/8
  4394 | D:6      | Killed Edmund
  4408 | D:6      | Reached skill level 9 in Crossbows
  4665 | D:6      | Slain by an orc warrior

Skill      XL: |  1  2  3  4  5  6  7  8 |
---------------+-------------------------+-----
Crossbows      | 5 6 7 8 9 |  9.1
Dodging        | 3 4 5 6 |  6.1
Fighting       | 3 4 5 |  5.6
Stealth        | |  1.3

Action                   |  1- 3 |  4- 6 |  7- 9 || total
-------------------------+-------+-------+-------++-------
Melee: Short sword       |   113 |       |       ||   113
       Quarterstaff      |       |    41 |       ||    41
       Rapier            |       |     4 |       ||     4
       Hand axe          |       |    18 |    72 ||    90
 Fire: Hand crossbow     |    17 |    36 |       ||    53
       Arbalest          |       |    10 |    21 ||    31
Invok: Heroism           |       |       |     2 ||     2
  Use: Potion            |       |       |     6 ||     6
 Stab: Sleeping          |     2 |     1 |     1 ||     4
  Eat: Chunk             |     7 |     4 |     6 ||    17
Armor: Leather armour    |    22 |    11 |    26 ||    59
       Skin              |       |       |     2 ||     2
Dodge: Dodged            |    98 |    73 |   104 ||   275
